 Dungeon Crawl Stone Soup version 0.32-a0-960-g3814254bd7 (webtiles) character file.

Game seed: 14056782077256176822

103182 Autsider the Hermetic (level 16, -3/146 (147) HPs)
             Began as a Naga Alchemist on Apr 17, 2024.
             Was the Champion of Cheibriados.
             Slain by bmj180's ghost (41 damage)
             ... on level 1 of the Spider Nest.
             The game lasted 01:31:44 (24825 turns).

Autsider the Hermetic (Naga Alchemist)             Turns: 24825, Time: 01:31:45

HP:   -3/146 (147)  AC: 26    Str: 27    XL:     16   Next: 35%
MP:   10/30         EV:  8    Int: 44    God:    Cheibriados [******]
Gold: 1164          SH: 19    Dex: 30    Spells: 8/35 levels left

rFire   . . .        C - +4 short sword of the Sky {elec, rElec Int+6 Dex-2}
rCold   + + .        a - +5 Storm Queen's Shield {shock, Fly rElec}
rNeg    . . .        E - +2 leather armour {rC+}
rPois   +            V - +2 helmet {SInv}
rElec   +            T - +1 cloak
rCorr   .            I - +2 pair of gloves {infuse}
SInv    +            b - +2 barding {rC+}
Will    ++...        v - amulet of magic regeneration
Stlth   +++          U - +6 ring of dexterity
HPRegen 0.44/turn    A - ring of wizardry
MPRegen 0.62/turn

%: wizardry (x1), infuse magic (1 MP)
@: liquefying, flying, studying Throwing, slowed movement, lightly drained, very
slow
A: AC +5, large, see invisible, deformed body, poison resistance, slowness 2,
spit poison 1, naga tail 2
a: Spit Poison, Renounce Religion, Bend Time, Temporal Distortion, Slouch, Step
From Time


You were on level 1 of the Spider Nest.
You worshipped Cheibriados.
Cheibriados was exalted by your worship.
You visited 5 branches of the dungeon, and saw 24 of its levels.

You collected 2101 gold pieces.
You spent 937 gold pieces at shops.

Inventory:

Hand Weapons
 q - a +5 heavy sling
 C - the +4 short sword of the Sky (weapon) {elec, rElec Int+6 Dex-2}
   (You found it on level 5 of the Dungeon)

   Int+6:     It affects your intelligence (+6).
   Dex-2:     It affects your dexterity (-2).
   rElec:     It insulates you from electricity.
 Y - the +6 shillelagh "Devastator" {shatter}
   (You found it on level 1 of the Lair of Beasts)
Missiles
 c - 6 throwing nets
 j - 5 atropa-tipped darts
 F - 2 darts of dispersal
Armour
 a - the +5 Storm Queen's Shield (worn) {shock, Fly rElec}
   (You acquired it on level 8 of the Dungeon)

   Shock:     When it blocks an attack, it may electrocute the attacker.
   This works even against foes who are a short distance away.
   rElec:     It insulates you from electricity.
   Fly:       It grants you flight.
 b - a +2 barding of cold resistance (worn)
 E - a +2 leather armour of cold resistance (worn)
 I - a +2 pair of gloves of infusion (worn)
 T - a +1 cloak (worn)
 V - a +2 helmet of see invisible (worn)
Jewellery
 f - a ring of protection from cold
 o - a ring of positive energy
 v - an amulet of magic regeneration (around neck)
 A - a ring of wizardry (right hand)
 U - a +6 ring of dexterity (left hand)
Wands
 x - a wand of quicksilver (24)
 D - a wand of digging (12)
 N - a wand of mindburst (12)
 S - a wand of warping (32)
 Z - a wand of polymorph (5)
Scrolls
 e - 12 scrolls of teleportation {@r2}
 g - 3 scrolls of brand weapon
 h - a scroll of identify {@r1}
 i - 2 scrolls of vulnerability
 l - 8 scrolls of enchant weapon
 r - 3 scrolls of silence
 u - 4 scrolls of revelation
 y - 5 scrolls of blinking
 J - a scroll of poison
 L - 2 scrolls of noise
 M - 4 scrolls of amnesia
 O - 3 scrolls of immolation
 Q - a scroll of fog
 R - 2 scrolls of fear
 X - a scroll of enchant armour
Potions
 d - 6 potions of curing {@q1}
 k - 2 potions of magic
 m - 3 potions of might
 s - 3 potions of ambrosia
 t - 2 potions of lignification
 w - 3 potions of mutation
 z - 4 potions of invisibility
 G - 3 potions of heal wounds {@q2}
 K - 2 potions of resistance
 W - 2 potions of cancellation
Miscellaneous
 n - a lightning rod (4/4)
 p - a sack of spiders
 B - a tin of tremorstones (2/2)


   Skills:
 + Level 10.3 Fighting
 + Level 8.8 Armour
 + Level 2.7 Dodging
 - Level 3.0 Stealth
 + Level 9.2 Shields
 - Level 10.0 Spellcasting
 - Level 10.0 Conjurations
 - Level 3.0 Fire Magic
 - Level 4.0 Ice Magic
 - Level 4.0 Air Magic
 - Level 16.0 Alchemy
 - Level 9.0 Invocations
 + Level 7.4 Evocations


You had 8 spell levels left.
You knew the following spells:

 Your Spells              Type           Power      Damage    Failure   Level
a - Sting                 Conj/Alch      100%       1d9       0%          1
b - Mercury Vapours       Alch/Air       100%       N/A       1%          2
c - Olgreb's Toxic Radia  Alch           100%       N/A       1%          4
d - Sticky Flame          Fire/Alch      81%        2d13      1%          4
e - Freezing Cloud        Conj/Ice/Air   32%        6-21      2%          5
f - Ignite Poison         Fire/Alch      81%        N/A       1%          4
u - Leda's Liquefaction   Alch/Erth      37%        N/A       1%          4
w - Mephitic Cloud        Conj/Alch/Air  83%        N/A       1%          3

Your spell library contained the following spells:

 Spells                   Type           Power      Damage    Failure   Level
 Cigotuvi's Dreadful Rot  Necr/Alch/Air  100%       N/A       1%          2
 Jinxbite                 Hex            44%        N/A       1%          2
 Frozen Ramparts          Ice            100%       1d16      1%          3
 Hailstorm                Conj/Ice       70%        3d12      1%          3
 Ozocubu's Armour         Ice            55%        N/A       1%          3
 Summon Ice Beast         Ice/Summ       39%        N/A       1%          3
 Fulminant Prism          Conj/Alch      47%        3d21      1%          4
 Arcjolt                  Conj/Air       35%        1d45      1%          5
 Yara's Violent Unravell  Hex/Alch       37%        3d15      1%          5
 Sculpt Simulacrum        Ice/Alch       41%        N/A       2%          6
 Call Canine Familiar     Summ           22%        N/A       3%          3
 Sigil of Binding         Hex            22%        N/A       3%          3
 Summon Lightning Spire   Summ/Air       39%        N/A       4%          4
 Anguish                  Hex/Necr       11%        N/A       10%         4
 Cause Fear               Hex            11%        N/A       10%         4
 Dimensional Bullseye     Hex/Tloc       11%        N/A       10%         4
 Lee's Rapid Deconstruct  Erth           11%        3d8*      26%         5
 Permafrost Eruption      Ice/Erth       19%        2x4d5     52%         6
 Enfeeble                 Hex            11%        N/A       100%        7
 Maxwell's Capacitive Co  Air            27%        ∞         100%        8
 Polar Vortex             Ice            27%        12d3*     100%        9


Dungeon Overview and Level Annotations

Branches:
Dungeon (15/15)            Temple (1/1) D:5            Lair (5/5) D:11
 Shoals (0/4) Lair:2       Spider (1/4) Lair:3        Slime (0/5) Lair:4
    Orc (2/2) D:11            Elf (0/3) Orc:2        Vaults (0/5) D:13
 Depths (0/4) D:15

Altars:
Ashenzari
Cheibriados
Dithmenos
Elyvilon
Fedhas
Gozag
Hepliaklqana
Kikubaaqudgha
Makhleb
Nemelex Xobeh
Okawaru
Qazlal
Ru
Sif Muna
Trog
Uskayaw
Vehumet
Wu Jian
Xom
Yredelemnul
Zin
The Shining One
Beogh
Jiyva

Shops:
D:6 *   D:7 [(   Orc:2 ![!=

Portals:
Trove: D:15 (give +4 fire dragon scales)

Annotations:
D:3 1 runed translucent door, Crazy Yiuf
D:8 3 runed translucent doors, DEFE's ghost, novice CoFi
D:10 2 transporters
Spider:1 bmj180's ghost, adept HuCj


Innate Abilities, Weirdness & Mutations

Your serpentine skin is tough. (AC +5)
You have supernaturally acute eyesight. (SInv)
Armour fits poorly on your strangely shaped body.
Your system is resistant to poisons. (rPois)
You cover ground very slowly.
You can spit poison.
You can use your snake-like lower body to constrict enemies.


Message History

Bmj180's ghost is moderately damaged.
Bmj180's ghost hits you but does no damage.
You closely miss bmj180's ghost.
Bmj180's ghost is moderately damaged.
Bmj180's ghost hits you but does no damage.
You barely miss bmj180's ghost.
Bmj180's ghost is moderately damaged.
Bmj180's ghost waves its arms in wide circles.
The air twists around and strikes you!
* * * LOW HITPOINT WARNING * * *
You hit bmj180's ghost.
Bmj180's ghost is moderately damaged.
Bmj180's ghost hits you but does no damage.
You puncture bmj180's ghost!
Bmj180's ghost is moderately damaged.
Bmj180's ghost hits you but does no damage.
You block bmj180's ghost's attack.
Your shield discharges, shocking bmj180's ghost!
Bmj180's ghost resists.
You completely miss bmj180's ghost.
Bmj180's ghost is moderately damaged.
Bmj180's ghost hits you but does no damage.
You hit bmj180's ghost.
Bmj180's ghost is heavily damaged.
Bmj180's ghost says, "I am smarter than you!"
You block bmj180's ghost's attack.
You hit bmj180's ghost.
Bmj180's ghost is heavily damaged.
You block bmj180's ghost's attack.
You barely miss bmj180's ghost.
Bmj180's ghost is heavily damaged.
Bmj180's ghost hits you.
* * * LOW HITPOINT WARNING * * *
You miss bmj180's ghost.
Bmj180's ghost is heavily damaged.
Bmj180's ghost casts a spell.
Bmj180's ghost erupts in a fountain of uncontrolled magic!
You are blasted with magical radiation!!!
You die...
Cheibriados appreciates the motionlessness of death.

.... ..... #.#.... .
######.)....#.
##...##........
###......##..^..###
#.................##
#......^............
####@##.......#.....[
##.#(W!#.#............
##..##.##..............
##..#.###...^..[.....(..
##......#...........#....
#.^...#.........^...###..
##........#..............
###.........#...........
##.........##..##...>.


You could see bmj180's ghost.

Vanquished Creatures
  Louise (Spider:1)
  3 dire elephants
  Nessos (D:14)
  A spark wasp (Spider:1)
  Snorg (D:12)
  An ettin (Orc:2)
  Harold (D:9)
  4 hydras
  Erolcha (Orc:2)
  A death knight (D:12)
  4 catoblepae
  6 boulder beetles
  2 ogre magi
  7 centaur warriors
  3 death yaks (Lair:5)
  4 tengu warriors
  A dancing weapon (Spider:1)
  7 two-headed ogres
  3 demonic crawlers (Spider:1)
  A pharaoh ant (Spider:1)
  2 orb spiders (Spider:1)
  An orange crystal statue (D:14)
  A steelbarb worm (Spider:1)
  A lindwurm (Lair:5)
  2 obsidian bats (Orc:2)
  2 orc knights
  9 ugly things
  A necromancer (D:13)
  9 orc sorcerers (Orc:2)
  4 wolf spiders
  2 deep elf pyromancers (D:14)
  A deep elf zephyrmancer (D:13)
  Maurice (D:7)
  A moth of wrath (Spider:1)
  4 cyclopes
  6 manticores
  13 elephants
  4 centaur zombies (D:11)
  3 meliai (D:15)
  Joseph (D:9)
  5 black mambas
  An ice statue (D:14)
  5 cane toads
  3 gargoyles
  3 kobold demonologists
  5 rime drakes
  8 komodo dragons
  A freezing wraith (D:12)
  Jeremiah (D:7)
  An unseen horror (D:12)
  An efreet (D:15)
  A yaktaur (D:15)
  3 merfolk (Lair:2)
  A tengu conjurer (D:13)
  5 polar bears
  6 tarantellas (Spider:1)
  A hornet (D:6)
  8 trolls
  Prince Ribbit (D:8)
  10 blink frogs
  2 jumping spiders (Spider:1)
  2 dream sheep (Lair:5)
  15 slime creatures
  3 shadows
  4 wraiths
  4 vampires
  47 yaks
  3 culicivoras
  7 basilisks
  A fire bat (shapeshifter) (D:12)
  9 wyverns
  A human (shapeshifter) (D:14)
  7 vampire mosquitoes
  8 redbacks
  A steam dragon (D:9)
  2 death yak simulacra (Lair:1)
  A naga (shapeshifter) (D:15)
  Duvessa (D:5)
  A water moccasin (shapeshifter) (D:13)
  4 acid dragons
  15 water moccasins
  A meliai simulacrum (D:15)
  An ice beast (D:7)
  18 orc warriors
  16 ogres
  13 centaurs
  8 wolves
  A phantom (D:4)
  5 kobold brigands
  2 gnoll sergeants
  11 bullfrogs
  5 scorpions
  8 wights
  Dowan (D:5)
  6 killer bees (D:8)
  12 electric eels
  6 howler monkeys
  A bombardier beetle (D:7)
  A gnoll bouda (D:10)
  5 hounds
  7 jellies
  A sleepcap (D:7)
  15 orc priests
  Natasha (thrice) (D:2)
  41 orc wizards
  4 iguanas
  13 gnolls
  14 adders
  2 white imps
  4 ribbon worms
  67 orcs
  9 endoplasms
  4 giant cockroaches
  3 goblins
  8 hobgoblins
  4 jackals
  23 kobolds
  A quokka (D:4)
  3 ball pythons
  8 bats
  A frilled lizard (D:1)
  10 rats
695 creatures vanquished.

Vanquished Creatures (others)
  An arcanist (D:10)
  2 orc wizards
3 creatures vanquished.

Grand Total: 698 creatures vanquished

Notes
Turn   | Place    | Note
-------+----------+-------------------------------------------
     0 | D:1      | Autsider the Naga Alchemist began the quest for the Orb.
     0 | D:1      | Reached XP level 1. HP: 15/15 MP: 3/3
    25 | D:1      | Reached skill level 4 in Alchemy
   226 | D:1      | Reached XP level 2. HP: 22/22 MP: 3/5
   318 | D:1      | Found a faded altar of an unknown god.
   689 | D:2      | Reached skill level 5 in Alchemy
   689 | D:2      | Reached XP level 3. HP: 17/28 MP: 3/6
  1208 | D:2      | Noticed Natasha
  1215 | D:2      | Killed Natasha
  1216 | D:2      | Reached XP level 4. HP: 36/36 MP: 3/7
  1535 | D:2      | Learned a level 2 spell: Mercury Vapours
  1614 | D:3      | Reached skill level 6 in Alchemy
  1861 | D:3      | Found an iron altar of Okawaru.
  1879 | D:3      | Found a runed translucent door.
  1880 | D:3      | Noticed Crazy Yiuf
  2048 | D:3      | Found a shimmering altar of Xom.
  2095 | D:3      | Found a glowing drain.
  2316 | D:3      | Reached skill level 1 in Fighting
  2316 | D:3      | Reached skill level 1 in Air Magic
  2316 | D:3      | Reached XP level 5. HP: 8/44 MP: 0/8
  2921 | D:2      | Noticed Natasha
  2928 | D:2      | Killed Natasha
  3127 | D:2      | Noticed Natasha
  3135 | D:2      | Killed Natasha
  3207 | D:4      | Reached XP level 6. HP: 42/52 MP: 6/9
  3252 | D:4      | Learned a level 4 spell: Olgreb's Toxic Radiance
  3501 | D:4      | Found a shadowy altar of Dithmenos.
  3562 | D:4      | Reached skill level 7 in Alchemy
  3765 | D:4      | Noticed a wyvern
  3773 | D:4      | HP: 2/52 [wyvern (6)]
  3776 | D:4      | Killed a wyvern
  3777 | D:4      | Reached XP level 7. HP: 7/60 MP: 0/10
  4125 | D:4      | Reached skill level 8 in Alchemy
  4812 | D:4      | Found a burning altar of Makhleb.
  4908 | D:5      | Entered Level 5 of the Dungeon
  4937 | D:5      | Identified the +0 robe of Wikutt {rF+ Str+8}
  5032 | D:5      | Reached XP level 8. HP: 63/67 MP: 5/13
  5147 | D:5      | Found a staircase to the Ecumenical Temple.
  5168 | Temple   | Entered the Ecumenical Temple
  5230 | D:5      | Learned a level 3 spell: Mephitic Cloud
  5235 | D:5      | Learned a level 4 spell: Sticky Flame
  5447 | D:5      | Noticed Dowan
  5448 | D:5      | Noticed Duvessa
  5468 | D:5      | Reached skill level 1 in Fire Magic
  5840 | D:5      | Identified the +4 short sword of the Sky {elec, rElec Int+6
                  | Dex-2}
  5890 | D:5      | Killed Dowan
  5910 | D:5      | Killed Duvessa
  6294 | D:6      | Noticed a hornet
  6299 | D:6      | Killed a hornet
  6300 | D:6      | Reached skill level 1 in Armour
  6300 | D:6      | Reached skill level 1 in Shields
  6300 | D:6      | Reached XP level 9. HP: 48/76 MP: 0/15
  6425 | D:6      | Found a broken altar of Ashenzari.
  6428 | D:6      | Identified the +2 pair of gloves of the Equator {Rampage
                  | MP+9 Str-5 Int+6}
  6623 | D:6      | Found an opulent altar of Gozag.
  6720 | D:6      | Found Lotumm Decu's Serpentskin Sales.
  6825 | D:6      | Found a stormy altar of Qazlal.
  6909 | D:7      | Noticed Jeremiah
  6912 | D:7      | Killed Jeremiah
  6913 | D:7      | Reached skill level 9 in Alchemy
  6915 | D:7      | Reached skill level 5 in Spellcasting
  7093 | D:7      | Noticed Maurice
  7111 | D:7      | Killed Maurice
  7188 | D:7      | Found Digheu Zaar's Antique Weapon Emporium.
  7204 | D:7      | Reached XP level 10. HP: 87/87 MP: 18/18
  7276 | D:7      | Noticed a cyclops
  7282 | D:7      | Killed a cyclops
  7283 | D:7      | Reached skill level 5 in Fighting
  7540 | D:7      | Found Ustrop's Antique Armour Boutique.
  7573 | D:7      | Bought a glowing helmet for 210 gold pieces
  7690 | D:8      | Noticed Prince Ribbit
  7698 | D:8      | Killed Prince Ribbit
  7716 | D:8      | Reached skill level 10 in Alchemy
  7841 | D:8      | Noticed a centaur warrior
  7842 | D:8      | Noticed a centaur warrior
  7850 | D:8      | Killed a centaur warrior
  7851 | D:8      | Reached skill level 5 in Conjurations
  7855 | D:8      | Killed a centaur warrior
  7856 | D:8      | Reached skill level 5 in Shields
  8174 | D:8      | Identified a scroll of acquirement
  8175 | D:8      | Acquired the +5 Storm Queen's Shield {shock, Fly rElec}
  8175 | D:8      | Found the +5 Storm Queen's Shield {shock, Fly rElec}
  8485 | D:8      | Found a runed translucent gate.
  8487 | D:8      | Found a runed translucent gate.
  8492 | D:8      | Found a runed translucent gate.
  8494 | D:8      | Noticed a ten-headed hydra
  8495 | D:8      | Noticed DEFE's ghost (novice CoFi)
  8497 | D:8      | Noticed a nine-headed hydra
  8736 | D:9      | Noticed Joseph
  8740 | D:9      | Reached XP level 11. HP: 84/97 MP: 20/20
  8742 | D:9      | Killed Joseph
  8866 | D:9      | Noticed a two-headed ogre
  8873 | D:9      | Killed a two-headed ogre
  8918 | D:9      | Found a glowing golden altar of the Shining One.
  9089 | D:9      | Found a white marble altar of Elyvilon.
  9138 | D:9      | Found a basalt altar of Yredelemnul.
  9141 | D:9      | Found an ancient bone altar of Kikubaaqudgha.
  9145 | D:9      | Found a snail-covered altar of Cheibriados.
  9149 | D:9      | Became a worshipper of Cheibriados the Contemplative
  9226 | D:7      | Bought a pair of glowing gloves for 210 gold pieces
  9333 | D:9      | Noticed Harold
  9339 | D:9      | Killed Harold
  9436 | D:9      | Identified the +0 scale mail of the Sky {rC+ Int+3 Dex+2}
  9510 | D:10     | Entered Level 10 of the Dungeon
  9700 | D:10     | Reached * piety under Cheibriados
  9833 | D:10     | Reached skill level 11 in Alchemy
  9884 | D:10     | Found a transporter.
  9886 | D:10     | Noticed a cyclops
  9931 | D:10     | Found a bloodstained altar of Trog.
  9933 | D:10     | Noticed a wizard
  9936 | D:10     | Killed a wizard
 10002 | D:10     | Found a shimmering blue altar of Sif Muna.
 10177 | D:10     | Found a blossoming altar of Fedhas.
 10274 | D:10     | Found a roughly hewn altar of Beogh.
 10274 | D:10     | Found a transporter.
 10274 | D:10     | Noticed an ogre mage
 10274 | D:10     | Noticed a cyclops
 10276 | D:10     | Noticed an orc high priest
 10318 | D:11     | Found a staircase to the Lair.
 10327 | D:11     | Reached ** piety under Cheibriados
 10476 | D:11     | Noticed a moth of wrath
 10479 | D:11     | Found a bloodstained altar of Trog.
 10512 | D:11     | Identified the +7 hand axe "Tede" {antimagic, rC++ Int+8
                  | Dex-4}
 10869 | D:11     | Reached skill level 12 in Alchemy
 10869 | D:11     | Reached XP level 12. HP: 105/105 MP: 18/24
 10995 | D:11     | Found a staircase to the Orcish Mines.
 11386 | D:12     | Reached *** piety under Cheibriados
 11414 | D:12     | Reached skill level 13 in Alchemy
 11545 | D:12     | Identified the +7 quarterstaff of Vyeweje {holy, rC+ SInv}
 11609 | D:12     | Noticed a two-headed ogre
 11611 | D:12     | Noticed a two-headed ogre
 11615 | D:12     | Killed a two-headed ogre
 11617 | D:12     | Killed a two-headed ogre
 11618 | D:12     | Reached skill level 14 in Alchemy
 11669 | D:12     | Noticed a boulder beetle
 11679 | D:12     | Killed a boulder beetle
 11804 | D:12     | Noticed a centaur warrior
 11804 | D:12     | Noticed a death knight
 11804 | D:12     | Noticed a boulder beetle
 11816 | D:12     | Killed a boulder beetle
 11817 | D:12     | Reached skill level 15 in Alchemy
 11821 | D:12     | Killed a death knight
 11821 | D:12     | Reached **** piety under Cheibriados
 11827 | D:12     | Killed a centaur warrior
 12018 | D:12     | Learned a level 5 spell: Freezing Cloud
 12023 | D:12     | Learned a level 4 spell: Leda's Liquefaction
 12035 | D:12     | Identified the +4 hand axe of Tender Mercy {drain, *Slow
                  | rElec rCorr Stlth+}
 12039 | D:12     | Identified the +1 buckler of the Northern Lights {rF+
                  | rCorr}
 12045 | D:12     | Got the Reference Book on Rime and the Cucurbite
 12089 | D:12     | Noticed Snorg
 12094 | D:12     | Reached skill level 1 in Invocations
 12097 | D:12     | Reached skill level 16 in Alchemy
 12106 | D:12     | Killed Snorg
 12177 | D:12     | Gained mutation: You can use your snake-like lower body to
                  | constrict enemies. [Naga growth]
 12177 | D:12     | Reached XP level 13. HP: 94/111 MP: 20/25
 12278 | D:12     | Reached skill level 5 in Invocations
 13150 | D:13     | Reached ***** piety under Cheibriados
 13157 | D:13     | Found a gate to the Vaults.
 13351 | D:13     | Reached skill level 1 in Ice Magic
 14074 | D:14     | Noticed Nessos
 14085 | D:14     | Killed Nessos
 14524 | D:14     | Reached skill level 5 in Armour
 15087 | D:14     | Reached XP level 14. HP: 119/123 MP: 20/26
 15379 | Lair:1   | Entered Level 1 of the Lair of Beasts
 15743 | Lair:1   | Identified the +3 long sword "Xiejik" {venom, rPois Dex+4
                  | Stlth+}
 16149 | Lair:1   | Found the +6 shillelagh "Devastator" {shatter}
 16496 | Lair:2   | Reached ****** piety under Cheibriados
 17378 | Lair:2   | Found a staircase to the Shoals.
 17828 | Lair:3   | Found a hole to the Spider Nest.
 18235 | Lair:3   | Reached skill level 1 in Evocations
 18806 | Lair:4   | Reached skill level 10 in Conjurations
 18996 | Lair:4   | Found a staircase to the Slime Pits.
 18996 | Lair:4   | Found a viscous altar of Jiyva.
 19534 | Lair:4   | Learned a level 4 spell: Ignite Poison
 19905 | Lair:5   | Entered Level 5 of the Lair of Beasts
 19945 | Lair:5   | Reached XP level 15. HP: 128/134 MP: 12/28
 20200 | Lair:5   | Reached skill level 10 in Spellcasting
 21622 | D:15     | Entered Level 15 of the Dungeon
 21948 | D:15     | Reached skill level 5 in Evocations
 22023 | D:15     | Reached skill level 10 in Fighting
 22143 | D:15     | Found a portal to a secret trove of treasure.
 22540 | D:15     | Found a staircase to the Depths.
 22842 | Orc:1    | Entered Level 1 of the Orcish Mines
 23283 | Orc:2    | Entered Level 2 of the Orcish Mines
 23283 | Orc:2    | Found a radiant altar of Vehumet.
 23283 | Orc:2    | Found a staircase to the Elven Halls.
 23691 | Orc:2    | Found an ancient bone altar of Kikubaaqudgha.
 23713 | Orc:2    | Found Jer Mol's Distillery.
 23750 | Orc:2    | Found a radiant altar of Vehumet.
 23751 | Orc:2    | Noticed Erolcha
 23758 | Orc:2    | Killed Erolcha
 23759 | Orc:2    | Reached XP level 16. HP: 130/146 MP: 23/30
 23767 | Orc:2    | Found Madug's Distillery.
 23897 | Orc:2    | Found a roughly hewn altar of Beogh.
 23897 | Orc:2    | Found Cogef's Antique Armour Shoppe.
 23917 | Orc:2    | Found Lainyem's Jewellery Emporium.
 24135 | Orc:2    | Bought a pair of bloodstained gloves for 389 gold pieces
 24135 | Orc:2    | Identified the +0 pair of gloves of Bedevilment {*Corrode
                  | rF- Will+ Str+3 Int+10} (You bought it in a shop on level 2
                  | of the Orcish Mines)
 24150 | Orc:2    | Bought a potion of magic for 128 gold pieces
 24336 | Spider:1 | Entered Level 1 of the Spider Nest
 24527 | Spider:1 | Noticed Louise
 24538 | Spider:1 | Killed Louise
 24787 | Spider:1 | Found a runed translucent door.
 24787 | Spider:1 | Found a shimmering altar of Xom.
 24787 | Spider:1 | Noticed bmj180's ghost (adept HuCj)
 24788 | Spider:1 | Identified the +9 morningstar of Ceatsudd {chaos, rCorr
                  | Int+3}
 24825 | Spider:1 | Slain by bmj180's ghost

Illustrated notes

Levels and vault maps discovered:
D:1:      ebering_trefoil_3fold, layout_rooms,
          shapermc_ecumenical_altar_hornbeckon
D:2:      layout_basic, minmay_fountain_box, corexii_leaking_fountain,
          uniq_natasha
D:3:      layout_rooms, regret_index_xom_buried_treasure, okawaru_trees_1,
          serial_curves, eino_curves_03, eino_curves_04, portal_sewer_entry_d,
          uniq_crazy_yiuf_cottage
D:4:      minmay_thick_lines, layout_basic, mainiacjoe_overflow_alcove_2,
          lemuel_round_altar
D:5:      minmay_spotlight, layout_loops_ring, minmay_temple_entry_large_hall,
          uniq_duvessa
D:6:      layout_cave_pools, mainiacjoe_overflow_cross_hatched,
          kennysheep_mini_moat, nicolae_gozag_cash_rules_everything_around_me,
          guppyfry_shop_venom
D:7:      layout_rooms, serial_shops, shop, nicolae_shop_tiny_glass,
          uniq_jeremiah, uniq_maurice
D:8:      layout_basic, gammafunk_ghost_hydra_chop, serial_bayou,
          serial_bayou_pond_d, serial_bayou_lake_a, serial_bayou_shore_a,
          serial_bayou_pond_d, minmay_manual_mess, uniq_prince_ribbit1
D:9:      layout_big_octagon, mainiacjoe_overflow_24_doors, vehumet_statue,
          grunt_temple_overflow_diamond, mainiacjoe_overflow_small_starburst,
          ldierk_geyser, uniq_harold, uniq_joseph
D:10:     gammafunk_beogh_shrine, layout_cave_pools, kennysheep_little_box,
          nicolae_overflow_hidden_temple, trog_wizard, corexii_checkpoint,
          nicolae_houndstooth_variations
D:11:     layout_stronghold, erik_lair_orcish_takeover, orc_0_dummy,
          serial_undead, serial_undead_e, serial_undead_f, serial_undead_b,
          serial_undead_c, serial_undead_c, serial_undead_a, tgw_trog
D:12:     minmay_the_grid_octo_tiled_squarecenter
          [minmay_the_grid_octo_fan_narrow, minmay_the_grid_octo_pinwheel,
          minmay_the_grid_octo_odd_swirl, minmay_the_grid_octo_chip,
          minmay_the_grid_square_5x5_megaprize_crossed,
          minmay_the_grid_square_5x5_two_walls_b,
          minmay_the_grid_square_5x5_dogpile, minmay_the_grid_square_5x5_v,
          minmay_the_grid_square_5x5_seven], layout_basic, uniq_snorg
D:13:     layout_basic, david_vaults_1
D:14:     layout_basic, minmay_staircase_statues_hall_small,
          minmay_more_statues, uniq_nessos
D:15:     hangedman_depths_entry_try_elsewhere_first, layout_irregular_city,
          nicolae_trove_entry_crystal, serial_park_square2
Temple:   hellmonk_temple_rainy
Lair:1:   layout_concentric_octagons, portal_ice_cave_entry_ice_simulacra,
          serial_bayou_shore_b, lemuel_fruit_tree
Lair:2:   layout_regular_city, mainiacjoe_shoals_entry_four_pools, serial_bayou,
          serial_bayou_pond_a, serial_bayou_crossing, serial_bayou_lagoon_a,
          serial_bayou_shore_b, serial_bayou_pond_b, serial_bayou_pond_b
Lair:3:   layout_cave_shapes, spider_nest_entry_rubble
Lair:4:   layout_regular_city, nicolae_slime_entry_slimehenge
Lair:5:   hangedman_lair_in_review, layout_small_grid
Spider:1: layout_spider_delve, ebering_ghost_xom, uniq_louise
Orc:1:    layout_diamond_mine
Orc:2:    kennysheep_orc_mage_school, layout_caves, basic_altar

Skill      XL: |  1  2  3  4  5  6  7  8  9 10 11 12 13 14 15 16 |
---------------+-------------------------------------------------+-----
Alchemy        | 4 5 6 7 8 9 10 12 16 | 16.0
Fighting       | 1 2 3 4 6 7 8 10 | 10.3
Air Magic      | 1 2 3 4 |  4.0
Conjurations   | 3 4 6 8 10 | 10.0
Spellcasting   | 3 4 5 6 8 9 10 | 10.0
Fire Magic     | 3 |  3.0
Armour         | 1 3 4 5 6 8 |  8.8
Shields        | 1 3 5 6 8 9 |  9.2
Invocations    | 4 9 |  9.0
Ice Magic      | 3 4 |  4.0
Evocations     | 2 6 7 |  7.4
Dodging        | 2 |  2.7
Stealth        | |  3.0

Action                     |  1- 3 |  4- 6 |  7- 9 | 10-12 | 13-15 | 16-18 || total
---------------------------+-------+-------+-------+-------+-------+-------++-------
  Melee: Unarmed           |    10 |       |       |       |       |       ||    10
         Dagger            |    29 |   126 |    13 |       |       |       ||   168
         Spear             |       |    35 |    49 |       |       |       ||    84
         Short sword       |       |       |    28 |   195 |   424 |    66 ||   713
         Constrict         |       |       |       |       |   125 |    15 ||   140
  Throw: Boomerang         |       |       |     2 |       |       |       ||     2
   Cast: Sting             |    31 |    46 |    42 |     9 |     9 |       ||   137
         Mercury Vapours   |       |    37 |    39 |    38 |    23 |     1 ||   138
         Olgreb's Toxic Ra |       |       |    10 |    45 |    75 |    14 ||   144
         Sticky Flame      |       |       |    20 |    55 |    28 |     6 ||   109
         Mephitic Cloud    |       |       |     1 |    12 |     4 |       ||    17
         Freezing Cloud    |       |       |       |       |    38 |     1 ||    39
         Leda's Liquefacti |       |       |       |       |    27 |     3 ||    30
         Ignite Poison     |       |       |       |       |    43 |    17 ||    60
Ability: Spit Poison       |       |     2 |       |       |       |       ||     2
    Use: Potion            |       |     1 |       |     1 |     2 |       ||     4
         Scroll            |       |       |     1 |    19 |    10 |       ||    30
   Stab: Confused          |       |       |     1 |     3 |     1 |       ||     5
         Sleeping          |       |       |       |     2 |     9 |       ||    11
         Distracted        |       |       |       |       |     1 |       ||     1
 Armour: Robe              |    20 |   160 |    61 |       |       |       ||   241
         Leather armour    |       |       |    27 |   214 |   380 |    81 ||   702
  Dodge: Dodged            |    21 |    97 |    56 |    54 |   109 |    22 ||   359
  Block: Kite shield       |       |       |    22 |   229 |   495 |   104 ||   850

Table legend: (Time is in decaauts)
 A = Elapsed time spent in this place.
 B = Non-inter-level travel time spent in this place.
 C = Inter-level travel time spent in this place.
 D = Time resting spent in this place.
 E = Time spent auto-exploring this place.
 F = Levels seen in this place.
 G = Mean time per level.
                   A        B        C        D        E       F      G
               +--------+--------+--------+--------+--------+-----+--------+
         Total |  42984 |  37472 |   5512 |   1957 |  29769 |  24 | 1791.0 |
       Dungeon |  25929 |  22443 |   3486 |   1666 |  17372 |  15 | 1728.6 |
        Temple |      1 |      0 |      1 |      0 |      0 |   1 |    1.0 |
          Lair |  13594 |  11923 |   1671 |    105 |  10028 |   5 | 2718.8 |
   Spider Nest |    734 |    734 |      0 |     38 |    527 |   1 |  734.0 |
  Orcish Mines |   2724 |   2371 |    353 |    148 |   1841 |   2 | 1362.0 |
               +--------+--------+--------+--------+--------+-----+--------+

Top non-repeatable levels by time:
  Lair:3: 3201 daAuts
  Lair:5: 3089 daAuts
    D:12: 2922 daAuts
  Lair:2: 2751 daAuts
  Lair:1: 2629 daAuts
    D:14: 2433 daAuts
    D:11: 2364 daAuts
    D:13: 2320 daAuts
    D:15: 2320 daAuts
     D:4: 2043 daAuts
  Lair:4: 1923 daAuts
   Orc:2: 1760 daAuts
     D:5: 1659 daAuts
     D:3: 1599 daAuts
     D:8: 1592 daAuts
